 Dungeon Crawl Stone Soup version 0.28.0 (webtiles) character file.

Game seed: 5550625486566690633

778 bande the Chopper (level 7, 0/44 HPs)
             Began as a Gargoyle Fighter on Feb 13, 2022.
             Slain by Sigmund (1 damage)
             ... on level 5 of the Dungeon.
             The game lasted 00:06:31 (5786 turns).

bande the Chopper (Gargoyle Fighter)                Turns: 5786, Time: 00:06:33

Health: 0/44       AC: 12    Str: 20    XL:     7   Next: 85%
Magic:  7/7        EV:  9    Int:  8    God:
Gold:   182        SH:  0    Dex: 11    Spells: 6/6 levels left

rFire   . . .      SeeInvis .   a - +1 war axe
rCold   . . .      Faith    .   c - +0 buckler
rNeg    + . .      Spirit   .   b - +0 scale mail
rPois   ∞          Reflect  .   (no helmet)
rElec   +          Harm     .   (no cloak)
rCorr   .          Rampage  .   (no gloves)
Will    .....                   (no boots)
Stlth   ..........              (no amulet)
HPRegen 0.14/turn               (no ring)
MPRegen 0.10/turn               (no ring)

@: confused
A: sickness immunity, AC +4, negative energy resistance 1, electricity
resistance, torment resistance 1, petrification resistance
a: no special abilities


You were on level 5 of the Dungeon.
You visited 1 branch of the dungeon, and saw 5 of its levels.

You collected 182 gold pieces.

Inventory:

Hand Weapons
 a - a +1 war axe (weapon)
 l - a +0 war axe
 r - a +0 flail
Armour
 b - a +0 scale mail (worn)
 c - a +0 buckler (worn)
Wands
 p - a wand of polymorph (3)
 s - a wand of iceblast (4)
Scrolls
 g - 2 scrolls of blinking
 i - a scroll of enchant weapon
 j - a scroll of magic mapping
 n - a scroll of fog
 o - a scroll of amnesia
Potions
 d - a potion of might
 e - a potion of magic
 f - 3 potions of haste
 h - 2 potions of curing {unknown}
 m - a potion of degeneration {unknown}


   Skills:
 + Level 4.7 Fighting
 + Level 5.7 Axes
 + Level 5.0 Armour
 - Level 0.2 Dodging
 + Level 4.3 Shields
 * Level 1.6 Evocations


You had 6 spell levels left.
You didn't know any spells.
Your spell library contained the following spells:

 Spells                   Type           Power      Damage    Failure   Level
 Beastly Appendage        Tmut           0%         N/A       83%         1
 Sandblast                Erth           0%         2d4       83%         1
 Passwall                 Tmut/Erth      0%         N/A       93%         2
 Wereblood                Tmut           0%         N/A       93%         2
 Ignite Poison            Fire/Tmut/Pois 0%         N/A       99%         3
 Mephitic Cloud           Conj/Pois/Air  0%         N/A       99%         3
 Spider Form              Tmut/Pois      0%         N/A       99%         3
 Stone Arrow              Conj/Erth      0%         3d7       99%         3
 Freezing Cloud           Conj/Ice/Air   0%         6-21      100%        5


Dungeon Overview and Level Annotations

Branches:
Dungeon (5/15)
 Temple: D:4-7

Altars:
Cheibriados
Fedhas
Hepliaklqana
Kikubaaqudgha
Sif Muna
Vehumet
Yredelemnul
The Shining One

Annotations:
D:3 2 transporters, fragbeetle's ghost, amateur KoAM
D:5 Sigmund


Innate Abilities, Weirdness & Mutations

You are immune to sickness and miasma.
Your stone body is resilient. (AC +4)
You are immune to poison.
You resist negative energy. (rN+)
You are resistant to electric shocks. (rElec)
You are resistant to unholy torment.
You are immune to petrification.


Message History

Sigmund laughs darkly.
Sigmund hits you with a +0 vorpal scythe.
You hit Sigmund.
Sigmund is severely wounded.
You closely miss Sigmund.
Sigmund is severely wounded.
Sigmund drinks a potion.
Sigmund's spells are empowered!
Sigmund barely misses you.
You closely miss Sigmund.
Sigmund is severely wounded.
You slash Sigmund!
Sigmund is almost dead.
Sigmund gestures at you while chanting.
You are confused.
Sigmund closely misses you.
Found a scroll labelled MAUMIF HUIG.
You bump into the rock wall.
Sigmund points at you and mumbles some strange words.
You are more confused.
You bump into the rock wall.
Sigmund points at you and mumbles some strange words.
The magic dart hits you but does no damage.
You barely miss Sigmund.
Sigmund is almost dead.
Sigmund hits you with a +0 vorpal scythe.
You bump into the rock wall.
Sigmund gestures wildly while chanting.
Sigmund flickers and vanishes!
Deactivating autopickup; reactivate with Ctrl-A.
You bump into the rock wall.
Something hits you.
You miss something. Something hits you but does no damage.
You miss something. You completely miss something.
You hear some strange, mumbled words.
A puff of flame appears from out of thin air!
The puff of flame hits you!
* * * LOW HITPOINT WARNING * * *
Something hits you.
* * * LOW HITPOINT WARNING * * *
You die...

.........#.#.#.#.#.#######.#
...........#.#...#.#...)...#
#######....#.#.###.#.#######
# #.##.#.#.# #.# #
#######.#.#<# #.# #
#.........### #.# #
#.#####.#######.#
#...............#?#
#.#####......@{..^# #.#
#.#########.# ### ### #


There were no monsters in sight!

Vanquished Creatures
  A black bear (D:5)
  An ogre (D:5)
  A phantom (D:5)
  2 water moccasin skeletons
  2 jellies (D:5)
  An orc priest (D:3)
  A bullfrog skeleton (D:5)
  An iguana (D:4)
  2 orc wizards
  A hound zombie (D:5)
  A hound skeleton (D:4)
  7 adders
  An ufetubus (D:4)
  4 worms
  A dart slug (D:2)
  24 orcs
  9 endoplasms
  2 giant cockroaches
  12 goblins
  6 hobgoblins
  3 jackals (D:1)
  3 quokkas
  7 ball pythons
  6 bats
  5 frilled lizards
  9 kobolds
  5 rats
  A spectral orc (D:4)
119 creatures vanquished.

Notes
Turn   | Place    | Note
-------+----------+-------------------------------------------
     0 | D:1      | bande the Gargoyle Fighter began the quest for the Orb.
     0 | D:1      | Reached XP level 1. HP: 14/14 MP: 1/1
   118 | D:1      | Reached XP level 2. HP: 19/19 MP: 2/2
   395 | D:1      | Reached XP level 3. HP: 24/24 MP: 3/3
   912 | D:2      | Reached XP level 4. HP: 20/29 MP: 4/4
  1314 | D:2      | Found a faded altar of an unknown god.
  1513 | D:2      | Reached XP level 5. HP: 27/33 MP: 5/5
  2015 | D:3      | Found a radiant altar of Vehumet.
  2328 | D:3      | Found a transporter.
  2490 | D:3      | Found a transporter.
  2513 | D:3      | Noticed fragbeetle's ghost (amateur KoAM)
  3125 | D:4      | Reached XP level 6. HP: 38/38 MP: 6/6
  3261 | D:4      | Found a basalt altar of Yredelemnul.
  3784 | D:5      | Entered Level 5 of the Dungeon
  4446 | D:5      | Reached skill level 5 in Axes
  4446 | D:5      | Reached XP level 7. HP: 4/44 MP: 7/7
  4487 | D:5      | Found a blossoming altar of Fedhas.
  4728 | D:5      | Found an ancient bone altar of Kikubaaqudgha.
  4818 | D:5      | Reached skill level 1 in Evocations
  4973 | D:5      | Found a glowing golden altar of the Shining One.
  4974 | D:5      | Found a shimmering blue altar of Sif Muna.
  4975 | D:5      | Found a hazy altar of Hepliaklqana.
  4976 | D:5      | Found a snail-covered altar of Cheibriados.
  5641 | D:5      | Reached skill level 5 in Armour
  5766 | D:5      | Noticed Sigmund
  5786 | D:5      | HP: 1/44 [something (5)]
  5786 | D:5      | Slain by Sigmund

Illustrated notes

Levels and vault maps discovered:
D:1:      saegor_arrival_simple_a, layout_rooms, grunt_decor_clamped,
          minmay_surrounded
D:2:      layout_basic, basic_ecumenical_altar, grunt_decor_cap
D:3:      layout_basic, mainiacjoe_overflow_cross_hatched,
          gammafunk_ghost_stat_death
D:4:      layout_loops_ring, yredelemnul_forgotten_temple_becter
D:5:      layout_basic, grunt_temple_overflow_growth_and_decay,
          mainiacjoe_overflow_alcove_3, uniq_sigmund

Skill      XL: |  1  2  3  4  5  6  7 |
---------------+----------------------+-----
Axes           | 2 3 4 5 |  5.7
Fighting       | 4 |  4.7
Armour         | 4 5 |  5.0
Shields        | 4 |  4.3
Evocations     | 1 |  1.6
Dodging        | |  0.2

Action                   |  1- 3 |  4- 6 |  7- 9 || total
-------------------------+-------+-------+-------++-------
Melee: War axe           |    98 |   190 |    70 ||   358
  Use: Scroll            |     6 |     4 |       ||    10
Armor: Scale mail        |    49 |    93 |    48 ||   190
Dodge: Dodged            |    35 |    93 |    38 ||   166
Block: Buckler           |    20 |    48 |    16 ||    84
